 Dungeon Crawl Stone Soup version 0.31-a0-246-g8cbcc1cb85 (webtiles) character file.

Game seed: 11050370473971917395

90 Ofeo the Conjurer (level 4, -1/39 HPs)
             Began as an Armataur Reaver on July 12, 2023.
             Slain by a hobgoblin (4 damage)
             ... led by Robin
             ... on level 2 of the Dungeon.
             The game lasted 00:01:31 (1935 turns).

Ofeo the Conjurer (Armataur Reaver)                 Turns: 1935, Time: 00:01:32

Health: -1/39      AC:  4    Str: 19    XL:     4   Next: 32%
Magic:  7/7        EV:  9    Int: 14    God:
Gold:   94         SH:  0    Dex:  8    Spells: 6/7 levels left

rFire   . . .        a - +0 hand axe
rCold   . . .        (no shield)
rNeg    . . .        b - +0 leather armour
rPois   .            (no helmet)
rElec   .            (no cloak)
rCorr   .            (no gloves)
SInv    +            (no barding)
Will    .....        (no amulet)
Stlth   +            (no ring)
HPRegen 0.26/turn    (no ring)
MPRegen 0.10/turn

%: roll
@: weak-willed
A: large, rugged brown scales 3, deformed body, armoured tail, roll, long
tongue, awkward tongue
a: no special abilities


You were on level 2 of the Dungeon.
You visited 1 branch of the dungeon, and saw 2 of its levels.

You collected 94 gold pieces.

Inventory:

Hand Weapons
 a - a +0 hand axe (weapon)
Armour
 b - a +0 leather armour (worn)
Jewellery
 e - an amulet of faith
Scrolls
 c - 2 scrolls of teleportation {unknown}
Potions
 d - 2 potions of degeneration {unknown}
 g - a potion of resistance {unknown}
 h - a potion of haste {unknown}


   Skills:
 + Level 2.4 Fighting
 + Level 2.9 Axes
 + Level 2.0 Dodging
 + Level 2.2 Spellcasting
 + Level 3.1 Conjurations


You had 6 spell levels left.
You knew the following spells:

 Your Spells              Type           Power      Damage    Failure   Level
a - Kiss of Death         Conj/Necr      24%        2d7       14%         1

Your spell library contained the following spells:

 Spells                   Type           Power      Damage    Failure   Level
 Momentum Strike          Conj/Tloc      12%        3d8       22%         2
 Hailstorm                Conj/Ice       6%         3d4       41%         3


Dungeon Overview and Level Annotations

Branches:
Dungeon (2/15)

Altars:

Annotations:
D:2 Robin


Innate Abilities, Weirdness & Mutations

You are completely covered in rugged brown scales. (AC +3, +7% HP)
Armour fits poorly on your strangely shaped body.
You have a long armoured tail.
You roll when moving toward enemies. (Rampage)
Your long tongue fully drains potion bottles. (2x potion effects)
Your tongue gives you trouble enunciating. (1.5x scroll delay)


Message History

You take 11 damage, and have 18/39 hp.
MASSIVE DAMAGE!!
You are too injured to fight recklessly!
You are too injured to fight recklessly!
You are too injured to fight recklessly!
You are too injured to fight recklessly!
You are too injured to fight recklessly!
You are too injured to fight recklessly!
You are too injured to fight recklessly!
You are too injured to fight recklessly!
You are too injured to fight recklessly!
You are too injured to fight recklessly!
You are too injured to fight recklessly!
You are too injured to fight recklessly!
You are too injured to fight recklessly!
You are too injured to fight recklessly!
The goblin attacks as you move away! The goblin closely misses you.
The goblin attacks as you move away! The goblin hits you with a +0 dagger.
Robin roars a battlecry!
The hobgoblin goes into a battle-frenzy!
The goblin barely misses you.
You take 5 damage, and have 13/39 hp.
The goblin attacks as you move away! The goblin misses you.
As you slowly read the scroll labelled JUENAN WENAEGG, it crumbles to dust.
Magic quickly surges around you.
It was a scroll of vulnerability.
The hobgoblin hits you.
* * * LOW HITPOINT WARNING * * *
The goblin hits you with a +0 club.
* * * LOW HITPOINT WARNING * * *
You take 7 damage, and have 6/39 hp.
The goblin attacks as you move away! The goblin hits you with a +0 club.
* * * LOW HITPOINT WARNING * * *
You take 3 damage, and have 3/39 hp.
The goblin attacks as you move away! The goblin barely misses you.
Things that are here:
a +0 short sword; 4 stones; a kobold corpse As you slowly read the scroll labelled LOTTAL ENAL, it crumbles to dust.
You feel aware of your surroundings.
It was a scroll of revelation.
A goblin comes into view. It is wielding a +0 dagger.
The hobgoblin hits you.
You die...

**,**,* ##..# #.#.#
*,##.#######.#### #.#.#
******,##.........#### #.#.#
*,,,,,,##########.#### #.#.###
*******##########.#### #>#.... **
#####[###..#######...... ,****
***#?####.##............### ***,*
#,*##.###.##.....#####..###
,**,**#.*#.##.##@#......####.....
,*,*,*,#.#.#.#.#g#......'........
,,*,,*,,#..#..#.g.......####.....
,*,,,*,,,#..r#gg.#.....## #..##.
*,,,,*,,,.#gggg#......## #.....
,,*,,,,,#...gg#......### #####.
,,,,,*......#.....#+#### #.
,*,,,,...#.......##.#### #.
,,,,,,............*,* #.


You could see Robin (weak-willed), a quokka, 3 hobgoblins and 6 goblins.

Vanquished Creatures
  3 adders (D:2)
  A gnoll (D:1)
  2 dart slugs (D:1)
  An orc (D:2)
  2 endoplasms
  5 giant cockroaches (D:1)
  4 goblins
  8 jackals
  5 ball pythons
  4 bats
  6 kobolds
  5 rats (D:1)
46 creatures vanquished.

Notes
Turn   | Place    | Note
-------+----------+-------------------------------------------
     0 | D:1      | Ofeo the Armataur Reaver began the quest for the Orb.
     0 | D:1      | Reached XP level 1. HP: 18/18 MP: 3/3
   257 | D:1      | Reached XP level 2. HP: 13/25 MP: 4/4
   490 | D:1      | Reached XP level 3. HP: 31/31 MP: 6/6
   674 | D:1      | Reached skill level 3 in Conjurations
   921 | D:1      | Found a faded altar of an unknown god.
  1609 | D:2      | Reached XP level 4. HP: 39/39 MP: 7/7
  1923 | D:2      | Noticed Robin
  1935 | D:2      | Slain by a hobgoblin

Illustrated notes

Levels and vault maps discovered:
D:1:      eino_arrival_water_star, layout_basic,
          shapermc_ecumenical_altar_mp_highgroup, minmay_tiny_reverse_x
D:2:      layout_loops_corners, serial_glass, glass_columns_c, glass_columns_a,
          minmay_increasing_density, uniq_robin

Skill      XL: |  1  2  3 |
---------------+----------+-----
Fighting       | 2 |  2.4
Spellcasting   | 2 |  2.2
Conjurations   | 3 |  3.1
Dodging        | 2 |  2.0
Axes           | |  2.9

Action                     |  1- 3 |  4- 6 || total
---------------------------+-------+-------++-------
  Melee: Hand axe          |   109 |    36 ||   145
         Tailslap          |     8 |     4 ||    12
    Use: Scroll            |     2 |     2 ||     4
 Armour: Leather armour    |    64 |    20 ||    84
  Dodge: Dodged            |    89 |    25 ||   114

Table legend: (Time is in decaauts)
 A = Elapsed time spent in this place.
 B = Non-inter-level travel time spent in this place.
 C = Inter-level travel time spent in this place.
 D = Time resting spent in this place.
 E = Time spent auto-exploring this place.
 F = Levels seen in this place.
 G = Mean time per level.
                   A        B        C        D        E       F      G
               +--------+--------+--------+--------+--------+-----+--------+
         Total |   1959 |   1904 |     55 |     78 |   1548 |   2 |  979.5 |
       Dungeon |   1959 |   1904 |     55 |     78 |   1548 |   2 |  979.5 |
               +--------+--------+--------+--------+--------+-----+--------+

Top non-repeatable levels by time:
     D:1: 1244 daAuts
     D:2: 715 daAuts
